Map: Lerilak Crest

Players

LilDicky

  • Race: Terran Terran
  • League: Diamond

Hydrazine - Winner!

  • Race: Zerg Zerg
  • League: Diamond

VOD

http://www.twitch.tv/tumescentpie

Description

Time

  • Played on: Dec. 8, 2015, 11:25 a.m.
  • Length: 6:34
Show
View Real Time Build Order
Export as new Build Order

LilDicky Terran 

Build Orders:  

Get SALT Encoding   

  12  0:01  SCV  
  13  0:13  SCV  
  14  0:22  Supply Depot  
  14  0:26  SCV  
  15  0:29  Refinery  
  15  0:43  SCV  
  15  0:47  Barracks  
  16  0:56  SCV  
  17  1:08  SCV  
  18  1:20  SCV  
  19  1:27  Supply Depot  
  19  1:33  SCV  
  19  1:39  Refinery  
  20  1:47  Marine, Orbital Command  
  22  2:15  SCV  
  22  2:16  Barracks Reactor, Factory  
  22  2:29  SCV  
  23  2:35  Supply Depot  
  22  2:41  SCV  
  23  2:53  SCV  
  23  2:54  Marine x2  
  26  3:02  Armory, Starport  
  26  3:03  Factory Tech Lab  
  26  3:09  SCV  
  26  3:12  Marine x2  
  28  3:29  Marine  
  28  3:30  Marine  
  28  3:31  SCV  
  31  3:39  Medivac  
  33  3:45  Supply Depot  
  35  3:51  Thor  
  39  4:06  SCV, Marine x2  
  39  4:07  Supply Depot  
  42  4:16  Liberator  
  42  4:18  SCV  
  43  4:24  Marine x2  
  48  4:40  Siege Tank  
  51  4:47  Supply Depot  
  51  4:48  SCV  
  51  4:49  Command Center  
  51  4:50  Marine  
  51  4:51  Marine  
  43  5:45  Marine x2  
Show
View Real Time Build Order
Export as new Build Order

Hydrazine Zerg - Winner!

Build Orders: Pool First 

Get SALT Encoding   

  12  0:00  Drone  
  13  0:12  Overlord  
  13  0:18  Drone  
  14  0:30  Drone x2  
  14  0:34  Drone, Extractor  
  16  0:48  Spawning Pool  
  15  0:51  Drone  
  15  0:56  Drone  
  17  1:06  Drone  
  18  1:16  Overlord  
  18  1:35  Queen  
  18  1:37  Metabolic Boost  
  19  1:51  Hatchery  
  18  1:54  Zergling x2  
  19  2:12  Queen  
  21  2:18  Drone x3  
  24  2:34  Overlord  
  24  2:40  Drone  
  26  2:51  Zergling x2  
  26  2:52  Queen  
  28  3:00  Drone  
  29  3:05  Hatchery  
  29  3:08  Drone  
  29  3:18  Zergling x4  
  29  3:19  Zergling x4  
  33  3:27  Extractor  
  32  3:35  Spine Crawler, Zergling x4  
  32  3:38  Drone  
  32  3:40  Drone  
  35  3:57  Drone x4  
  35  3:58  Drone  
  40  4:04  Overlord  
  40  4:13  Baneling Nest, Drone  
  39  4:36  Drone x4  
  39  4:37  Drone x4  
  47  4:46  Zergling x2  
  47  4:47  Zergling x10  
  53  4:55  Overlord  
  53  5:03  Zergling x8  
  53  5:04  Zergling x2  
  57  5:16  Spine Crawler  
  57  5:18  Spine Crawler  
  54  5:25  Baneling x5  
  43  6:03  Drone x7  
  49  6:04  Drone x2  
  49  6:05  Drone x2  
Tags
 
Add a new tag
Caveats
  • Supply blocks, unpowered buildings, or Contaminate may cause inaccurate times.
  • Supply counts are checked every 10 seconds.